 Dungeon Crawl Stone Soup version 0.31-a0-940-gdaa99269f9 (webtiles) character file.

Game seed: 8705733884450720760

596 Dittersdorf the Shield-Bearer (level 7, -4/44 HPs)
             Began as a Gargoyle Fighter on Oct 20, 2023.
             Was a Follower of Okawaru.
             Slain by an ogre
             ... wielding a +0 giant club
              (7 damage)
             ... on level 4 of the Dungeon.
             The game lasted 00:03:38 (3446 turns).

Dittersdorf the Shield-Bearer (Gargoyle Fighter)    Turns: 3446, Time: 00:03:38

Health: -4/44      AC: 16    Str: 21    XL:     7   Next: 40%
Magic:  7/7        EV:  9    Int:  9    God:    Okawaru [*.....]
Gold:   131        SH:  4    Dex:  9    Spells: 6/6 levels left

rFire   . . .        a - +0 flail
rCold   . . .        c - +0 buckler
rNeg    + . .        b - +0 scale mail
rPois   ∞            (no helmet)
rElec   +            (no cloak)
rCorr   .            (no gloves)
SInv    .            (no boots)
Will    .....        (no amulet) Stlth
                     e - +4 ring of protection
HPRegen 0.27/turn    (no ring)
MPRegen 0.10/turn

%: no passive effects
@: no status effects
A: sickness immunity, AC +4, negative energy resistance 1, electricity
resistance, torment resistance 1, petrification resistance
a: Renounce Religion, Heroism


You were on level 4 of the Dungeon.
You worshipped Okawaru.
Okawaru was aware of your devotion.
You visited 1 branch of the dungeon, and saw 4 of its levels.

You collected 201 gold pieces.
You spent 70 gold pieces at shops.

Inventory:

Hand Weapons
 a - a +0 flail (weapon)
Armour
 b - a +0 scale mail (worn)
 c - a +0 buckler (worn)
Jewellery
 e - a +4 ring of protection (left hand)
 i - a ring of willpower
Scrolls
 k - 2 scrolls of vulnerability {unknown}
 l - a scroll of fear {unknown}
 n - a scroll of immolation {unknown}
Potions
 d - a potion of might
 f - 2 potions of invisibility
 h - a potion of enlightenment
 j - a potion of magic
 m - 2 potions of mutation
 o - a potion of ambrosia
 p - a potion of berserk rage {unknown}
 q - a potion of heal wounds


   Skills:
 + Level 5.3 Fighting
 + Level 4.3 Maces & Flails
 + Level 5.3 Armour
 + Level 5.3 Shields


You had 6 spell levels left.
You didn't know any spells.
Your spell library contained the following spells:

 Spells                   Type           Power      Damage    Failure   Level
 Scorch                   Fire           0%         2d5       88%         2
 Dimensional Bullseye     Hex/Tloc       0%         N/A       100%        4
 Flame Wave               Conj/Fire      0%         2d4       100%        4
 Iskenderun's Mystic Bla  Conj/Tloc      0%         2d3       100%        4
 Tukima's Dance           Hex            Unusable   N/A       N/A         3
 Summon Cactus Giant      Summ           Unusable   N/A       N/A         6

Dungeon Overview and Level Annotations

Branches:
Dungeon (4/15)
 Temple: D:4-7

Altars:
Okawaru
Wu Jian

Shops:
D:4 !:


Innate Abilities, Weirdness & Mutations

You are immune to sickness and miasma.
Your stone body is resilient. (AC +4)
You are immune to poison.
You resist negative energy. (rN+)
You are resistant to electric shocks. (rElec)
You are resistant to unholy torment.
You are immune to petrification.


Message History

Thank you for shopping at Waklos's Distillery!
There is an open gate here.
Things that are here:
a +0 hand axe; a +0 scale mail
Found a stone staircase leading down.
You now have 131 gold pieces (gained 7).
An ogre comes into view. It is wielding a +0 giant club.
Throw: 3 darts (poison)
Press: ? - help, Q - select action, (/) - cycle Shift-Dir - straight line, f - ogre
Aim: an ogre, wielding a +0 giant club (70% to hit)
You throw a poisoned dart. The poisoned dart hits the ogre.
Throw: 2 darts (poison)
Press: ? - help, Q - select action, (/) - cycle Shift-Dir - straight line, f/p - ogre
Aim: an ogre, wielding a +0 giant club (70% to hit)
You throw a poisoned dart. The poisoned dart hits the ogre.
The ogre is poisoned.
The ogre closely misses you.
Throw: dart (poison)
Press: ? - help, Q - select action, (/) - cycle Shift-Dir - straight line, f/p - ogre
Aim: an ogre, wielding a +0 giant club (lightly wounded, poisoned, 70% to hit)
You throw a poisoned dart. The poisoned dart hits the ogre.
The ogre looks even sicker.
The ogre is lightly wounded.
You sock the ogre!
The ogre is heavily wounded.
The ogre hits you with a +0 giant club!
You barely miss the ogre.
The ogre is heavily wounded.
The ogre hits you with a +0 giant club!!
Ouch! That really hurt!
You hit the ogre.
The ogre is severely wounded.
The ogre hits you with a +0 giant club!
* * * LOW HITPOINT WARNING * * *
You hit the ogre but do no damage.
The ogre is severely wounded.
You hit the ogre but do no damage.
The ogre is almost dead.
The ogre hits you with a +0 giant club!
You die...

#..##...........####..#
##.......#.....####...##
#..#....#.......##.....#
...##...........##..#.##
...##...........#...###
...........###.....##
...........# #....##
...........# ##...#
...........# ##@.#
............ #O##
............ .(#
...........# ....
#.........## #...#
##.....#... .....
§##....##.#####...
..#.#...#..## ##.#
..#...##....#


You could see an ogre (poisoned).

Vanquished Creatures
  2 black bears (D:3)
  An ogre (D:4)
  The ghost of retardedninja the Firebug, an amateur GrFE (D:3)
  3 hounds
  An orc wizard (D:4)
  2 iguanas
  2 adders (D:3)
  A worm (D:3)
  2 dart slugs (D:1)
  10 orcs
  5 bats
  2 endoplasms
  5 giant cockroaches
  6 goblins
  5 hobgoblins
  A jackal (D:4)
  4 quokkas
  7 ball pythons
  2 frilled lizards
  3 kobolds (D:1)
  6 rats
71 creatures vanquished.

Notes
Turn   | Place    | Note
-------+----------+-------------------------------------------
     0 | D:1      | Dittersdorf the Gargoyle Fighter began the quest for the
                  | Orb.
     0 | D:1      | Reached XP level 1. HP: 14/14 MP: 1/1
    56 | D:1      | Reached XP level 2. HP: 19/19 MP: 2/2
   495 | D:1      | Reached XP level 3. HP: 23/23 MP: 3/3
  1396 | D:3      | Noticed retardedninja's ghost (amateur GrFE)
  1396 | D:3      | Found a runed translucent door.
  1446 | D:3      | Found an iron altar of Okawaru.
  1451 | D:3      | Became a worshipper of Warmaster Okawaru
  1515 | D:3      | Noticed a black bear
  1535 | D:3      | Killed a black bear
  1536 | D:3      | Reached XP level 4. HP: 5/29 MP: 4/4
  1536 | D:3      | Reached XP level 5. HP: 6/33 MP: 5/5
  2098 | D:3      | Found an ornate altar of the Wu Jian Council.
  2390 | D:4      | Noticed a black bear
  2490 | D:3      | Reached XP level 6. HP: 36/39 MP: 6/6
  2500 | D:3      | Killed a black bear
  2500 | D:3      | Reached * piety under Okawaru
  2605 | D:3      | Killed retardedninja's ghost
  2774 | D:4      | Reached skill level 5 in Fighting
  2774 | D:4      | Reached skill level 5 in Armour
  2774 | D:4      | Reached skill level 5 in Shields
  2774 | D:4      | Reached XP level 7. HP: 16/44 MP: 7/7
  2970 | D:4      | Found Qugiphunk's Book Boutique.
  3231 | D:4      | Found Waklos's Distillery.
  3357 | D:4      | Bought a potion of heal wounds for 70 gold pieces
  3446 | D:4      | Slain by an ogre

Illustrated notes

Levels and vault maps discovered:
D:1:      kennysheep_arrival_forest, layout_basic
D:2:      layout_basic
D:3:      minmay_angry_zag, layout_loops_ring, okawaru_ov_weapons_minmay,
          lemuel_round_altar, hellmonk_ghost_happy_afterlife, minivault_27,
          columned_hall_lemuel
D:4:      layout_cave_pools, nicolae_hepliaklqana_hippocampus, serial_shops,
          shop, kennysheep_donut, kennysheep_windowed_goal

Skill      XL: |  1  2  3  4  5  6 |
---------------+-------------------+-----
Fighting       | 4 5 |  5.3
Maces & Flails | 3 4 |  4.3
Armour         | 4 5 |  5.3
Shields        | 4 5 |  5.3

Action                     |  1- 3 |  4- 6 |  7- 9 || total
---------------------------+-------+-------+-------++-------
  Melee: Flail             |    98 |   127 |   105 ||   330
  Throw: Dart              |     2 |     5 |     7 ||    14
 Invoke: Heroism           |       |     1 |       ||     1
    Use: Scroll            |       |     5 |       ||     5
 Armour: Scale mail        |    81 |   105 |    90 ||   276
  Dodge: Dodged            |    80 |    78 |    30 ||   188
  Block: Buckler           |    21 |    36 |    19 ||    76

Table legend: (Time is in decaauts)
 A = Elapsed time spent in this place.
 B = Non-inter-level travel time spent in this place.
 C = Inter-level travel time spent in this place.
 D = Time resting spent in this place.
 E = Time spent auto-exploring this place.
 F = Levels seen in this place.
 G = Mean time per level.
                   A        B        C        D        E       F      G
               +--------+--------+--------+--------+--------+-----+--------+
         Total |   3530 |   3388 |    142 |    512 |   2168 |   4 |  882.5 |
       Dungeon |   3530 |   3388 |    142 |    512 |   2168 |   4 |  882.5 |
               +--------+--------+--------+--------+--------+-----+--------+

Top non-repeatable levels by time:
     D:3: 1339 daAuts
     D:1: 802 daAuts
     D:4: 770 daAuts
     D:2: 618 daAuts
